 Dungeon Crawl Stone Soup version 0.17-a0-2147-gfb20a63 (webtiles) character file.

43460 xeno23 the Warrior (level 13, 0/73 HPs)
             Began as a Felid Berserker on Oct 24, 2015.
             Was the Champion of Trog.
             Shot with an arrow by a centaur warrior (18 damage)
             ... on level 15 of the Dungeon on Oct 25, 2015.
             The game lasted 03:42:51 (35757 turns).

xeno23 the Warrior (Felid Berserker)               Turns: 35757, Time: 03:42:51

Health: 0/73       AC:  6    Str: 18 (19) XL:     13   Next: 90%
Magic:  14/14      EV: 33    Int:  4 (6)  God:    Trog [******]
Gold:   2188       SH:  0    Dex: 21      Spells: 0 memorised, 12 levels left
                                        Lives:  0   Deaths: 4

rFire  + . .     SeeInvis +       - Unarmed
rCold  + + .     Clarity  +     (armour unavailable)
rNeg   . . .     SustAt   .     (shield unavailable)
rPois  .         Gourm    .     (helmet unavailable)
rElec  .         Spirit   .     (cloak unavailable)
rCorr  .         Warding  .     (gloves unavailable)
rMut   .         Stasis   .     (boots unavailable)
MR     +....                    D - amulet of regeneration
Stlth  ..........               J - ring of Terra Nullius {rF+ rC+ Str+3}
                                V - +3 ring of protection

@: berserking, very quick, somewhat resistant to hostile enchantments, extremely
unstealthy
A: no armour, no weapons or thrown items, claws 1, fangs 3, see invisible,
carnivore 3, clarity, deterioration 2, dopey 1, speed 1, frail 3, shaggy fur 3,
slow metabolism 1, weak 1, sharp paws
a: Berserk, Trog's Hand, Brothers in Arms, Burn Spellbooks, Renounce Religion


You were on level 15 of the Dungeon.
You worshipped Trog.
Trog was exalted by your worship.
You were full.

You visited 3 branches of the dungeon, and saw 27 of its levels.
You also visited: Labyrinth and Volcano.

You collected 3436 gold pieces.
You spent 1248 gold pieces at shops.

Inventory:

Jewellery
 o - an uncursed ring of teleportation
 z - an uncursed ring of positive energy
 D - an amulet of regeneration (around neck)
 J - the ring of Terra Nullius (right paw) {rF+ rC+ Str+3}
   (You found it on level 8 of the Lair of Beasts)

   [ring of protection from fire]

   It affects your strength (+3).
   It protects you from fire.
   It protects you from cold.
 P - an uncursed ring of poison resistance
 V - a +3 ring of protection (left paw)
Wands
 d - a wand of cold (12)
 h - a wand of fireball (8)
 p - a wand of fire (7)
 K - a wand of paralysis (15)
 N - a wand of hasting (4)
 W - a wand of lightning (5)
 X - a wand of teleportation (2)
Scrolls
 g - 2 scrolls of recharging
 k - 4 scrolls of blinking
 l - 11 scrolls of remove curse
 n - 6 scrolls of teleportation
 q - 4 scrolls of fear
 B - 2 scrolls of fog
 H - a scroll of immolation {unknown}
Potions
 b - a potion of magic
 c - 9 potions of curing
 f - 3 potions of cancellation
 i - 8 potions of agility
 m - 4 potions of lignification
 t - 5 potions of invisibility
 u - 5 potions of flight
 w - 2 potions of heal wounds
 E - a potion of berserk rage
 G - 5 potions of might
 L - 3 potions of haste
 U - 2 potions of brilliance
Books
 e - a book of Conjurations

   Spells                             Type                      Level
   a - Magic Dart                     Conjuration                  1
   b - Searing Ray                    Conjuration                  2
   c - Dazzling Spray                 Conjuration/Hexes            3
   d - Fulminant Prism                Conjuration/Hexes            4
   e - Iskenderun's Mystic Blast      Conjuration                  4
   f - Iskenderun's Battlesphere      Conjuration/Charms           5
   Trog disapproves of the use of such an item.
 j - Sif Muna's Volume of Harmful Air
   (You found it on level 4 of the Lair of Beasts)

   Spells                             Type                      Level
   a - Static Discharge               Conjuration/Air              3
   b - Mephitic Cloud                 Conjuration/Poison/Air       3
   c - Fulminant Prism                Conjuration/Hexes            4
   d - Summon Lightning Spire         Summoning/Air                4
   e - Deflect Missiles               Charms/Air                   6
   Trog disapproves of the use of such an item.
 s - a book of Callings

   Spells                             Type                      Level
   a - Summon Small Mammal            Summoning                    1
   b - Call Imp                       Summoning                    2
   c - Call Canine Familiar           Summoning                    3
   d - Summon Guardian Golem          Hexes/Summoning              3
   e - Summon Lightning Spire         Summoning/Air                4
   f - Summon Ice Beast               Ice/Summoning                4
   Trog disapproves of the use of such an item.
 y - a book of Death

   Spells                             Type                      Level
   a - Corpse Rot                     Necromancy                   2
   b - Sublimation of Blood           Necromancy                   2
   c - Agony                          Necromancy                   5
   d - Dispel Undead                  Necromancy                   5
   e - Excruciating Wounds            Charms/Necromancy            5
   f - Bolt of Draining               Conjuration/Necromancy       5
   Trog disapproves of the use of such an item.
 A - a Necronomicon

   Spells                             Type                      Level
   a - Haunt                          Necromancy/Summoning         7
   b - Borgnjor's Revivification      Necromancy                   8
   c - Death's Door                   Charms/Necromancy            8
   d - Necromutation                  Transmutation/Necromancy     8
   Trog disapproves of the use of such an item.
 C - a Necronomicon

   Spells                             Type                      Level
   a - Haunt                          Necromancy/Summoning         7
   b - Borgnjor's Revivification      Necromancy                   8
   c - Death's Door                   Charms/Necromancy            8
   d - Necromutation                  Transmutation/Necromancy     8
   Trog disapproves of the use of such an item.
 F - the Catalogue of Feathers
   (You found it on level 13 of the Dungeon)

   Spells                             Type                      Level
   a - Repel Missiles                 Charms/Air                   2
   b - Static Discharge               Conjuration/Air              3
   c - Summon Lightning Spire         Summoning/Air                4
   d - Silence                        Hexes/Air                    5
   Trog disapproves of the use of such an item.
Miscellaneous
 Q - a plain deck of summoning {the Illusion, drawn: 1}
 R - a plain deck of changes
Comestibles
 a - 12 meat rations
 r - 8 royal jellies
 v - 8 beef jerkies
 x - 5 slices of pizza


   Skills:
 * Level 16.2 Fighting
 + Level 15.2 Dodging
 + Level 16.1 Stealth
 * Level 16.2 Unarmed Combat


You had 12 spell levels left.
You didn't know any spells.

Dungeon Overview and Level Annotations

Branches:
Dungeon (15/15)            Temple (0/1) D:5            Lair (8/8) D:11
  Swamp (0/4) Lair:6        Snake (0/4) Lair:3        Slime (0/6) Lair:8
    Orc (4/4) D:9             Elf (0/3) Orc:3        Vaults (0/5) D:13
 Depths (0/5) D:15

Altars:
Fedhas
Nemelex Xobeh
Okawaru
Ru
Trog
Vehumet
The Shining One
Beogh
Jiyva

Shops:
D:10 (   D:15 =   Orc:1 %   Orc:4 *([:


Innate Abilities, Weirdness & Mutations

You cannot wear armour.
You are incapable of wielding weapons or throwing items.
You have sharp claws.
You have razor-sharp teeth.
You have supernaturally acute eyesight.
You are carnivorous and can eat meat at any time.
You cover ground quickly.
Your thick and shaggy fur keeps you warm (AC +3, rC+).
You have a slow metabolism.
Your sharp claws are effective at attacking unaware monsters.
You possess an exceptional clarity of mind.
Your body often deteriorates upon taking damage.
You are dopey. (Int -2)
You are extremely frail (-30% HP).
You are weak. (Str -2)


Message History

You pounce on the helpless yaktaur from a blind spot!
You eviscerate the yaktaur!!! You bite the yaktaur.
You kill the yaktaur!
Trog accepts your kill.
The centaur warrior wields a shortbow.
The centaur warrior shoots an arrow.
The arrow hits you!
You take 14 damage.
The centaur warrior shoots an arrow.
The arrow misses you.
The centaur warrior shoots an arrow.
The arrow hits you!
Your body deteriorates!
You feel dopey.
You take 11 damage.
The centaur warrior shoots an arrow.
The arrow hits you!
* * * LOW HITPOINT WARNING * * *
Your body deteriorates!
You feel weakened.
You take 13 damage.
Use which ability?
A red film seems to cover your vision as you go berserk!
You feel yourself moving faster!
You feel mighty!
The centaur warrior shoots an arrow.
The arrow hits you!!
You die...

.# #..####......................
.# #..#≈≈≈......................
<# #..≈≈≈≈≈.....................
.# #..≈≈∩"......................
.####..≈≈≈≈≈.....................
........≈≈≈......................
................c................
......................####...####
.###............@.....# #...# .#
#..................# #...####
.###..................####.......
.................)...............
................(................
................(..............##
......................#####....#
....................[.# #....#
...)..............<...# #....#


You could see a centaur warrior.

Vanquished Creatures
  Rupert (D:13)
  Frances (D:13)
  Kirke (Lair:8)
  Maud (Lair:5)
  A very ugly thing (D:7)
  3 dire elephants (Lair:8)
  An ettin (D:15)
  A vault guard (D:13)
  The ghost of Skaffen the Black Belt, a journeyman DsMo of Ru (Lair:4)
  A minotaur (Lab)
  An ogre mage (D:10)
  Harold (Lair:4)
  7 hydras
  A catoblepas (D:14)
  2 centaur warriors
  The ghost of Azhtabak the Covert, a journeyman OpWz of Nemelex Xobeh (Lair:1)
  An anaconda (Lair:8)
  6 death yaks
  3 orc high priests (Orc:4)
  An unseen horror (D:13)
  7 hill giants
  3 orc knights (Orc:4)
  5 cyclopes
  4 ugly things
  An orc sorcerer (Orc:4)
  A manticore (D:11)
  2 griffons
  7 black mambas
  11 elephants
  A centaur zombie (D:14)
  A molten gargoyle (Volcano)
  4 centaur skeletons
  15 spiny frogs
  A gargoyle (D:12)
  12 komodo dragons
  2 fire drakes (D:14)
  8 trolls
  5 yaktaurs
  A queen bee (D:8)
  A tengu conjurer (D:15)
  6 two-headed ogres (D:10)
  5 blink frogs (Lair:3)
  2 trapdoor spiders
  3 water elementals (D:15)
  A spriggan (shapeshifter) (D:15)
  3 wraiths
  19 yaks
  7 wyverns
  A hungry ghost (D:15)
  4 deep elf magi
  A shadow (D:11)
  4 fire bats (Lair:8)
  A steam dragon (D:13)
  A vampire (D:12)
  11 basilisks
  4 vampire mosquitoes (D:15)
  29 wolves
  Menkaure (D:5)
  A naga (Lair:3)
  4 wargs
  The ghost of Ijustatesigmund the Sneak, an amateur OpWz (D:3)
  14 hippogriffs
  4 porcupines
  3 ice beasts
  31 orc warriors
  2 hell hounds (D:14)
  20 ogres
  2 phantoms
  3 sky beasts
  16 water moccasins
  3 eyes of draining
  2 necrophages
  14 crocodiles
  A brain worm (D:14)
  2 big kobolds
  5 centaurs
  A gnoll sergeant (D:11)
  21 giant frogs
  A wyvern skeleton (D:8)
  2 scorpions
  15 killer bees
  A lava snake (Volcano)
  9 wights
  6 electric eels
  9 crimson imps
  3 jellies
  A quasit (D:11)
  30 orc priests
  Ijyb (D:3)
  9 hounds
  33 orc wizards
  3 giant frog skeletons
  Jessica (D:3)
  10 iguanas
  14 worker ants
  4 hell rats (Lair:7)
  A killer bee zombie (D:7)
  22 sheep
  An ogre zombie (D:10)
  A hound skeleton (D:9)
  41 river rats
  18 adders
  7 gnolls
  4 shadow imps
  An ooze (D:2)
  2 adder zombies (D:8)
  4 worms
  3 giant geckos
  209 orcs
  11 goblins
  15 hobgoblins
  13 jackals
  6 quokkas
  3 ball pythons
  10 bats
  5 giant cockroaches
  A giant cockroach zombie (D:6)
  4 giant newts
  A goblin skeleton (D:8)
  A goblin zombie (D:8)
  3 hobgoblin zombies (D:8)
  13 kobolds
  An orc skeleton (D:8)
  2 orc zombies (D:8)
  2 quokka skeletons
  13 rats
  9 fungi
  2 plants (Lair:8)
962 creatures vanquished.

Vanquished Creatures (collateral kills)
  An orc warlord (Orc:4)
  A stone giant (Orc:3)
  7 vault guards (D:13)
  A centaur warrior (D:15)
  2 death yaks (Lair:5)
  2 titan zombies (Orc:3)
  A deep troll (D:15)
  9 hill giants
  2 orc sorcerers
  A stone giant zombie (Orc:3)
  An ugly thing (D:8)
  2 cyclopes (Orc:3)
  A black mamba (Lair:3)
  A molten gargoyle (Volcano)
  A yaktaur (D:15)
  A spiny frog (Lair:5)
  2 wargs (Orc:3)
  5 wolves
  10 orc warriors
  2 ogres
  A giant frog (D:13)
  A cyclops zombie (Orc:3)
  8 killer bees
  A hound (D:11)
  An orc priest (Orc:3)
  An iguana (D:11)
  A worker ant zombie (D:11)
  24 orcs
  A jackal (D:11)
92 creatures vanquished.

Vanquished Creatures (others)
  3 humans (Lair:8)
  A water moccasin (Lair:8)
  A gnoll (D:11)
  An orc (Orc:1)
  A bush (Lair:4)
  15 fungi
  17 plants
39 creatures vanquished.

Grand Total: 1093 creatures vanquished

Notes
Turn   | Place    | Note
--------------------------------------------------------------
     0 | D:1      | xeno23 the Felid Berserker began the quest for the Orb.
     0 | D:1      | Reached XP level 1. HP: 10/10 MP: 2/2
   394 | D:1      | Reached XP level 2. HP: 14/14 MP: 3/3
   735 | D:1      | Reached ** piety under Trog
   834 | D:1      | Reached skill level 1 in Stealth
  1091 | D:1      | Reached XP level 3. HP: 17/17 MP: 4/4
  1661 | D:2      | You fall through a shaft!
  1666 | D:3      | Noticed Ijustatesigmund's ghost (amateur OpWz)
  1676 | D:3      | Killed Ijustatesigmund's ghost
  1676 | D:3      | Reached skill level 5 in Dodging
  1676 | D:3      | Reached XP level 4. HP: 22/22 MP: 5/5
  1676 | D:3      | Reached XP level 5. HP: 25/25 MP: 6/6
  1703 | D:3      | Reached *** piety under Trog
  1790 | D:3      | Noticed Ijyb
  1822 | D:3      | Killed Ijyb
  2150 | D:2      | Found a radiant altar of Vehumet.
  2151 | D:2      | Found a sparkling altar of Nemelex Xobeh.
  2547 | D:3      | Gained mutation: You are covered in thick fur (AC +2). [Felid growth]
  2547 | D:3      | Reached XP level 6. HP: 3/28 MP: 7/7
  2895 | D:3      | Noticed Jessica
  2925 | D:3      | Killed Jessica
  3128 | D:3      | Reached **** piety under Trog
  3131 | D:3      | Reached skill level 6 in Dodging
  4273 | D:4      | Reached XP level 7. HP: 33/33 MP: 8/8
  4585 | D:4      | Reached skill level 5 in Stealth
  4605 | D:4      | Reached skill level 5 in Unarmed Combat
  4662 | D:4      | Reached skill level 5 in Fighting
  5316 | D:5      | Entered Level 5 of the Dungeon
  5681 | D:5      | Noticed Menkaure
  5688 | D:5      | Killed Menkaure
  5788 | D:5      | Noticed a yak
  5788 | D:5      | Noticed a yak
  5788 | D:5      | Noticed a yak
  5797 | D:5      | Killed a yak
  5797 | D:5      | Reached skill level 7 in Dodging
  5797 | D:5      | Reached XP level 8. HP: 38/38 MP: 9/9
  5799 | D:5      | Killed a yak
  5802 | D:5      | Killed a yak
  5850 | D:5      | Found a staircase to the Ecumenical Temple.
  6085 | D:6      | Found a blossoming altar of Fedhas.
  6516 | D:6      | Reached ***** piety under Trog
  7014 | D:7      | Reached XP level 9. HP: 40/43 MP: 10/10
  7054 | D:7      | Reached skill level 8 in Dodging
  7827 | D:8      | Noticed a cyclops
  7827 | D:8      | Noticed a green very ugly thing
  7858 | D:7      | Killed a green very ugly thing
  7858 | D:7      | Reached skill level 9 in Dodging
  7991 | D:8      | Killed a cyclops
  7991 | D:8      | Reached XP level 10. HP: 42/49 MP: 11/11
  8174 | D:8      | Found a glowing golden altar of the Shining One.
  9703 | D:9      | Noticed a purple ugly thing
  9732 | D:8      | Killed a purple ugly thing
 10172 | D:9      | Found an iron altar of Okawaru.
 10207 | D:9      | Found a staircase to the Orcish Mines.
 10212 | D:9      | Found a roughly hewn altar of Beogh.
 10447 | D:9      | Reached skill level 10 in Unarmed Combat
 10516 | D:9      | Reached skill level 10 in Fighting
 10525 | D:9      | Reached skill level 10 in Dodging
 11091 | Orc:1    | Entered Level 1 of the Orcish Mines
 11225 | Orc:1    | Found Deihiaj's Food Shoppe.
 11313 | Orc:1    | Found a bloodstained altar of Trog.
 11371 | Orc:1    | Reached ****** piety under Trog
 11623 | Orc:2    | Reached XP level 11. HP: 52/52 MP: 12/12
 11856 | Orc:2    | Reached skill level 10 in Stealth
 12274 | Orc:2    | Found a dark tunnel.
 12281 | Volcano  | Entered a volcano
 12923 | Volcano  | Found a radiant altar of Vehumet.
 12923 | Volcano  | Noticed a centaur warrior
 12925 | Volcano  | Killed a centaur warrior
 13004 | Volcano  | Slain by a molten gargoyle
 13005 | Volcano  | Reached XP level 10. HP: 0/51 MP: 11/11
 13247 | Orc:2    | Reached skill level 11 in Unarmed Combat
 13358 | Orc:2    | Noticed an orc sorcerer
 13360 | Orc:2    | Killed an orc sorcerer
 14224 | Orc:3    | Found a staircase to the Elven Halls.
 14263 | Orc:3    | Noticed a hill giant
 14282 | Orc:3    | Killed a hill giant
 14289 | Orc:3    | Noticed a cyclops
 14602 | Orc:3    | Noticed a hill giant
 14602 | Orc:3    | Noticed a hill giant
 14603 | Orc:3    | Noticed a hill giant
 14605 | Orc:3    | Noticed a hill giant
 14608 | Orc:3    | Noticed a hill giant
 14608 | Orc:3    | Killed a cyclops
 14609 | Orc:3    | Killed a hill giant
 14612 | Orc:3    | Killed a hill giant
 14612 | Orc:3    | Reached XP level 11. HP: 55/55 MP: 12/12
 14613 | Orc:3    | Killed a hill giant
 14616 | Orc:3    | Killed a hill giant
 14618 | Orc:3    | Killed a hill giant
 15510 | Orc:3    | Noticed a hill giant
 15510 | Orc:3    | Noticed a hill giant
 15510 | Orc:3    | Noticed a hill giant
 15520 | Orc:3    | Killed a hill giant
 15535 | Orc:3    | Killed a hill giant
 15536 | Orc:3    | Killed a hill giant
 15648 | Orc:3    | Noticed a hill giant
 15648 | Orc:3    | Noticed a hill giant
 15648 | Orc:3    | Noticed a hill giant
 15653 | Orc:3    | Killed a hill giant
 15654 | Orc:3    | Killed a hill giant
 15655 | Orc:3    | Noticed a stone giant
 15655 | Orc:3    | Noticed a cyclops
 15769 | Orc:3    | Noticed a cyclops
 15790 | Orc:3    | Noticed a titan zombie
 15793 | Orc:3    | Noticed a titan zombie
 15793 | Orc:3    | Killed a cyclops
 15798 | Orc:3    | Killed a hill giant
 15802 | Orc:3    | Killed a titan zombie
 15802 | Orc:3    | Reached skill level 12 in Unarmed Combat
 15805 | Orc:3    | Killed a cyclops
 15813 | Orc:3    | Killed a titan zombie
 15829 | Orc:3    | Killed a stone giant
 16189 | Orc:4    | Entered Level 4 of the Orcish Mines
 16196 | Orc:4    | Found Vorisauf's Antique Weapon Shoppe.
 16527 | Orc:4    | Noticed an orc high priest
 16531 | Orc:4    | Noticed a soul eater
 16548 | Orc:4    | Killed from afar by an orc high priest
 16549 | Orc:4    | Reached XP level 10. HP: -6/53 MP: 11/11
 16549 | Orc:4    | Found Wyoh's General Store.
 16549 | Orc:4    | Found a roughly hewn altar of Beogh.
 16549 | Orc:4    | Noticed an orc warlord
 16549 | Orc:4    | Noticed an orc high priest
 16564 | Orc:4    | Gained mutation: You are dopey. (Int -2) [a neqoxec]
 16573 | Orc:4    | Found Niatt's Book Shoppe.
 16573 | Orc:4    | Noticed an orc high priest
 16635 | D:10     | Entered Level 10 of the Dungeon
 16953 | D:10     | Reached XP level 11. HP: 57/57 MP: 12/12
 17067 | D:10     | Noticed an ogre mage
 17090 | D:10     | Killed an ogre mage
 17388 | D:10     | Found Noli's Antique Weapon Boutique.
 17442 | D:10     | Noticed a hill giant
 17454 | D:10     | Killed a hill giant
 17470 | D:10     | Noticed a purple ugly thing
 17477 | D:10     | Killed a purple ugly thing
 17742 | D:11     | Found a staircase to the Lair.
 18477 | D:11     | Reached skill level 13 in Unarmed Combat
 18781 | Lair:1   | Entered Level 1 of the Lair of Beasts
 18905 | Lair:1   | Noticed Azhtabak's ghost (journeyman OpWz)
 18922 | Lair:1   | Killed Azhtabak's ghost
 19450 | Lair:2   | Gained mutation: Your thick and shaggy fur keeps you warm (AC +3, rC+). [Felid growth]
 19450 | Lair:2   | Reached XP level 12. HP: 61/61 MP: 13/13
 20318 | Lair:3   | Noticed a five-headed hydra
 20579 | Lair:3   | Found a labyrinth entrance.
 20589 | Lab      | Entered a labyrinth
 20786 | Lab      | Noticed a minotaur
 20802 | Lab      | Killed a minotaur
 21011 | Lair:3   | Found a staircase to the Snake Pit.
 21576 | Lair:3   | Killed a five-headed hydra
 22566 | Lair:3   | Noticed a four-headed hydra
 22580 | Lair:3   | Killed a four-headed hydra
 22584 | Lair:3   | Reached XP level 13. HP: 67/67 MP: 14/14
 22841 | Lair:4   | Noticed Skaffen's ghost (journeyman DsMo)
 22857 | Lair:4   | Killed Skaffen's ghost
 22857 | Lair:4   | Reached skill level 14 in Unarmed Combat
 22917 | Lair:4   | Identified Sif Muna's Volume of Harmful Air
 23306 | Lair:4   | Noticed Harold
 23313 | Lair:4   | Killed Harold
 24343 | Lair:5   | Noticed Maud
 24349 | Lair:5   | Killed Maud
 24768 | Lair:6   | Found a staircase to the Swamp.
 25321 | Lair:7   | Gained mutation: You are frail (-10% HP). [potion of mutation]
 25321 | Lair:7   | Gained mutation: Your body sometimes deteriorates upon taking damage. [potion of mutation]
 25321 | Lair:7   | Gained mutation: Your body often deteriorates upon taking damage. [potion of mutation]
 25364 | Lair:7   | Found a frozen archway.
 25719 | Lair:7   | Reached XP level 14. HP: 40/64 MP: 15/15
 26273 | Lair:8   | Entered Level 8 of the Lair of Beasts
 26355 | Lair:8   | Noticed Kirke
 26365 | Lair:8   | Killed Kirke
 26492 | Lair:8   | Found a viscous altar of Jiyva.
 26492 | Lair:8   | Found a staircase to the Slime Pits.
 26545 | Lair:8   | Reached skill level 15 in Unarmed Combat
 27175 | Lair:8   | Slain by an anaconda
 27176 | Lair:8   | Reached XP level 13. HP: -2/91 MP: 14/14
 27238 | Lair:8   | Reached skill level 15 in Fighting
 27238 | Lair:8   | Noticed a dire elephant
 27275 | Lair:8   | Killed a dire elephant
 27351 | Lair:8   | Noticed a dire elephant
 27351 | Lair:8   | Noticed a dire elephant
 27579 | Lair:8   | Killed a dire elephant
 27789 | Lair:8   | Killed a dire elephant
 27809 | Lair:8   | Got a scintillating iron ring
 27812 | Lair:8   | Identified the ring of Terra Nullius {rF+ rC+ Str+3} (You found it on level 8 of the Lair of Beasts)
 28830 | Orc:4    | Killed an orc high priest
 29231 | Orc:4    | Killed an orc high priest
 29231 | Orc:4    | Reached skill level 15 in Stealth
 29344 | Orc:4    | Killed an orc high priest
 29634 | Orc:4    | Killed an orc warlord
 29761 | Orc:4    | Found Nyngag's Antique Armour Boutique.
 30216 | Orc:4    | Bought a wand of fireball (8) for 312 gold pieces
 30216 | Orc:4    | Bought a scroll of identify for 26 gold pieces
 30958 | D:12     | Found a sacrificial altar of Ru.
 31128 | D:12     | Reached XP level 14. HP: 62/65 MP: 15/15
 31839 | D:13     | Noticed Rupert
 31846 | D:13     | Killed Rupert
 31976 | D:13     | Noticed Frances
 31983 | D:13     | Killed Frances
 32024 | D:13     | Identified the Catalogue of Feathers
 32117 | D:13     | Found a gate to the Vaults.
 32138 | D:13     | HP: 1/66 [vault guard/glaive (13)]
 32912 | D:14     | Identified a scroll of acquirement
 33007 | D:14     | Reached skill level 16 in Fighting
 33269 | D:14     | Gained mutation: You are very frail (-20% HP). [potion of mutation]
 33270 | D:14     | Gained mutation: You possess an exceptional clarity of mind. [potion of mutation]
 33270 | D:14     | Gained mutation: You are weak. (Str -2) [potion of mutation]
 33270 | D:14     | Gained mutation: You are extremely frail (-30% HP). [potion of mutation]
 33609 | D:14     | Reached skill level 15 in Dodging
 34079 | D:15     | Entered Level 15 of the Dungeon
 34588 | D:15     | Found a staircase to the Depths.
 34910 | D:15     | Found Ubbirad's Jewellery Boutique.
 34937 | D:15     | Bought an uncursed amulet of regeneration for 390 gold pieces
 34937 | D:15     | Bought an uncursed amulet of faith for 520 gold pieces
 35417 | D:15     | Slain by a yaktaur
 35418 | D:15     | Reached XP level 13. HP: 0/73 MP: 14/14
 35757 | D:15     | Shot with an arrow by a centaur warrior

Vault maps used:
D:1:      lightli_arrival_windingriver, minmay_misc_feat_alley
D:2:      amethyst_overflow_temple_binary, minivault_4
D:3:      minmay_misc_feat_diagonals, uniq_iyjb, uniq_jessica
D:4:      kennysheep_generic_room_11
D:5:      minmay_temple_entry_trees, first_bread, uniq_menkaure
D:6:      fedhas_altar_fruit_tree
D:8:      minmay_diamond_stairs, david_nohive_1, nicolae_tso_besieged_by_evil
D:9:      overflow_temple_1_default, minmay_orc_entry_temple_small,
          kennysheep_decorative_pillar, grunt_ministairs_1
D:10:     lemuel_ogre_cave, serial_shops, kennysheep_mini
D:11:     erik_lair_island
D:12:     nicolae_ru_sacrificial_ziggurat
D:13:     erik_vaults_2, minmay_statues_item, uniq_frances, uniq_rupert
D:14:     minmay_misc_feat_enclosed, special_room, serial_bayou_pond_c
D:15:     hangedman_depths_entry_civil_slaughter, serial_bayou,
          serial_bayou_ford_a, serial_bayou_shore_b, serial_bayou_pond_c,
          serial_bayou_lake_a, serial_shops, nicolae_shop_waterfront
Lair:1:   minivault_19, minmay_hedge_maze
Lair:2:   serial_forest, infiniplex_forest_lined_3,
          infiniplex_forest_straight_3, infiniplex_forest_clump_diagonal,
          infiniplex_forest_clump_tiny, beast_lair_carwin_6
Lair:3:   minmay_snake_entry_six_corridors, lab_entry_generic
Lair:4:   uniq_harold
Lair:5:   grunt_megastairs_4, serial_bayou_shore_b, uniq_maud
Lair:6:   swamp_mist, lemuel_fruit_fields
Lair:7:   portal_ice_cave_entry_pillars_02, cheibrodos_lair_reptile_den,
          infiniplex_staircase_pool
Lair:8:   due_jungle_book, slime_altar_1, guppyfry_lair_drakes, uniq_kirke
Orc:1:    basic_altar, serial_shops, shop
Orc:2:    nicolae_volcano_entry_hallway, guppyfry_library_mini
Orc:3:    giant_chief_lemuel, nicolae_orc_pool_cavern
Orc:4:    grunt_orc_gardens, grunt_orc_garden, grunt_orc_garden,
          grunt_orc_garden, grunt_orc_garden, basic_altar
Lab:      labyrinth_spiral, nicolae_lab_grate, nicolae_lab_swirl,
          nicolae_lab_dead_end, labyrinth_skeletal_remains
Volcano:  volcano_lake

Action                   |  1- 3 |  4- 6 |  7- 9 | 10-12 | 13-15 || total
-------------------------+-------+-------+-------+-------+-------++-------
Melee: Unarmed           |    99 |   174 |   282 |  1200 |  1180 ||  2935
Invok: Berserk           |     2 |     4 |     5 |    24 |    33 ||    68
       Brothers in Arms  |       |       |       |    19 |    11 ||    30
       Trog's Hand       |       |       |       |       |     1 ||     1
Evoke: Wand              |       |       |       |       |     3 ||     3
       Deck              |       |       |       |       |     1 ||     1
  Use: Scroll            |       |       |     9 |    14 |    15 ||    38
       Potion            |       |       |       |     1 |     5 ||     6
 Stab: Sleeping          |    11 |    11 |    10 |    56 |    62 ||   150
       Distracted        |       |     1 |       |    10 |     8 ||    19
  Eat: Chunk             |    10 |    10 |    10 |    61 |    70 ||   161
